 Dungeon Crawl Stone Soup version 0.16.1-14-g82efdee (webtiles) character file.

564427 yesno the Metallomancer (level 25, -13/177 HPs)
             Began as a Vampire Earth Elementalist on Apr 12, 2015.
             Was the Champion of Dithmenos.
             Mangled by a titan skeleton (31 damage)
             ... on level 10 of a ziggurat on Apr 15, 2015.
             The game lasted 12:41:04 (89033 turns).

yesno the Metallomancer (VpEE)                     Turns: 89033, Time: 12:41:04

Health: -13/177    AC: 28    Str: 10    XL:     25   Next: 44%
Magic:  1/46       EV: 18    Int: 36    God:    Dithmenos [******]
Gold:   4959       SH: 14    Dex: 14    Spells: 14 memorised, 4 levels left

rFire  . . .     SeeInvis +     e - +10 demon blade "Qonuvud" {venom, Int+6 Stlth-}
rCold  + . .     Clarity  .     N - +2 robe {Archmagi}
rNeg   + + +     SustAb   .     k - +3 shield
rPois  +         Gourm    .     W - +2 helmet {Int+3}
rElec  .         Spirit   .     h - +2 cloak {rPois}
rCorr  .         Warding  .     j - +2 pair of gloves {Str+3}
rMut   .         Stasis   .     G - +2 pair of boots {run}
MR     +++..                    (no amulet)
Stlth  ++++++++++               t - ring "Psea" {Wiz Int+2}
                                V - ring "Mnizxut" {+Fly rN++}

@: icy armour, wreathed by umbra, repel missiles, quick, extremely resistant to
hostile enchantments, uncannily stealthy
A: bottle blood, fangs 3, see invisible, cold resistance 1, magic resistance 1,
unbreathing
a: Bat Form, Shadow Step, Shadow Form, Renounce Religion, Evoke Flight
}: 3/15 runes: serpentine, barnacled, silver


You were on level 10 of a ziggurat.
You worshipped Dithmenos.
Dithmenos was exalted by your worship.
You were not thirsty.

You visited 10 branches of the dungeon, and saw 54 of its levels.
You visited the Abyss 1 time.
You visited 1 ziggurat, and saw 10 of its levels.
You also visited: Labyrinth, Trove, Bailey and Ice Cave.

You collected 8444 gold pieces.
You spent 3485 gold pieces at shops.

Inventory:

Hand weapons
 a - a +9 dagger of electrocution
 e - the +10 demon blade "Qonuvud" (weapon) {venom, Int+6 Stlth-}
   (You found it on level 1 of the Depths)

   It poisons the flesh of those it strikes.
   It affects your intelligence (+6).
   It makes you less stealthy.
 J - the +9 great sword of Bloodstone {freeze, +Blink}
   (You took it off a minotaur in a labyrinth)

   It has been specially enchanted to freeze those struck by it, causing extra
   injury to most foes and up to half again as much damage against particularly
   susceptible opponents.
   It can also slow down cold-blooded creatures.
   It lets you blink.
 P - the +7 dagger "Osmuink" {drain, Str+6 Int+7 Dex-5}
   (You found it on level 2 of the Snake Pit)

   A truly terrible weapon, it drains the life of those it strikes.
   It affects your strength (+6).
   It affects your intelligence (+7).
   It affects your dexterity (-5).
Armour
 c - a quicksilver dragon armour
 h - a +2 cloak of poison resistance (worn)
 j - a +2 pair of gloves of strength (worn)
 k - a +3 shield (worn)
 G - a +2 pair of boots of running (worn)
 N - a +2 robe of the Archmagi (worn)
 W - a +2 helmet of intelligence (worn)
Magical staves
 b - an uncursed staff of earth
 D - an uncursed staff of summoning
Jewellery
 i - a +3 ring of intelligence
 n - an uncursed ring of protection from cold
 t - the ring "Psea" (right hand) {Wiz Int+2}
   (You found it in a treasure trove)

   [ring of wizardry]

   It improves your spell success rate.
   It affects your intelligence (+2).
 x - an uncursed amulet of resist corrosion
 z - an uncursed amulet of clarity
 B - the brooch of Shielding {Ward rN+ AC+4 EV+4}
   (You bought it in a shop on level 4 of the Orcish Mines)

   [amulet of warding]

   It may prevent the melee attacks of summoned creatures.
   It affects your AC (+4).
   It affects your evasion (+4).
   It protects you from negative energy.
 E - an uncursed ring of protection from cold
 I - an uncursed amulet of resist mutation
 L - an uncursed ring of protection from fire
 T - an uncursed ring of sustain abilities
 U - an uncursed ring of protection from magic
 V - the ring "Mnizxut" (left hand) {+Fly rN++}
   (You found it on level 8 of a ziggurat)

   [ring of flight]

   It greatly protects you from negative energy.
   It lets you fly.
Magical devices
 v - a wand of invisibility (6)
 C - a wand of paralysis (10)
 H - a wand of heal wounds (1)
 O - a wand of teleportation (6)
Scrolls
 l - 9 scrolls of teleportation
 o - 10 scrolls of amnesia
 p - 7 scrolls of magic mapping
 u - a scroll of summoning
 y - 2 scrolls of blinking
 M - 4 scrolls of fog
 R - 16 scrolls of remove curse
 X - 27 scrolls of identify
 Z - a scroll of recharging
Potions
 d - 2 potions of invisibility
 f - 6 potions of curing
 g - 6 potions of agility
 m - 4 potions of resistance
 q - 14 potions of blood
 r - 3 potions of brilliance
 K - 8 potions of restore abilities
 Q - 4 potions of cancellation
 Y - 5 potions of might
Books
 s - the Reference Book on Stones
   (You bought it in a shop on level 12 of the Dungeon)

   Spells                             Type                      Level
   a - Stoneskin                      Transmutation/Earth          2
   b - Stone Arrow                    Conjuration/Earth            3
   c - Passwall                       Transmutation/Earth          3
   d - Leda's Liquefaction            Hexes/Earth                  4
   e - Petrify                        Transmutation/Earth          4
   f - Bolt of Magma                  Conjuration/Fire/Earth       5
   g - Iron Shot                      Conjuration/Earth            6
   h - Shatter                        Earth                        9
 A - a book of Conjurations

   Spells                             Type                      Level
   a - Magic Dart                     Conjuration                  1
   b - Searing Ray                    Conjuration                  2
   c - Dazzling Spray                 Conjuration/Hexes            3
   d - Fulminant Prism                Conjuration/Hexes            4
   e - Iskenderun's Mystic Blast      Conjuration                  4
   f - Iskenderun's Battlesphere      Conjuration/Charms           5
 F - the Compendium of the Creative Oath
   (You found it on level 3 of a ziggurat)

   Spells                             Type                      Level
   a - Fulminant Prism                Conjuration/Hexes            4
   b - Summon Mana Viper              Hexes/Summoning              5
   c - Summon Forest                  Summoning/Translocation      5
   d - Invisibility                   Hexes                        6
 S - a Grand Grimoire {highlevel}

   Spells                             Type                      Level
   a - Aura of Abjuration             Summoning                    6
   b - Summon Greater Demon           Summoning                    7
   c - Malign Gateway                 Summoning/Translocation      7
   d - Summon Horrible Things         Summoning                    8


   Skills:
 + Level 9.8 Fighting
 - Level 10.9(11.4) Short Blades
 + Level 4.8(8.1) Long Blades
   Level 2.8 Maces & Flails
 - Level 5.3 Armour
 - Level 11.4 Dodging
 + Level 20.1 Stealth
 + Level 10.4 Shields
 * Level 20.7 Spellcasting
 - Level 10.0 Conjurations
 - Level 14.2 Hexes
 - Level 9.1 Charms
 - Level 13.1 Summonings
 - Level 1.1 Transmutations
 * Level 22.1 Earth Magic


You had 4 spell levels left.
You knew the following spells:

 Your Spells              Type           Power        Failure   Level  Hunger
a - Enslavement           Hex            ########     1%          4    None
b - Passwall              Trmt/Erth      ########..   1%          3    None
c - Stone Arrow           Conj/Erth      ######       0%          3    None
d - Lee's Rapid Deconstr  Erth           ########..   0%          5    None
e - Petrify               Trmt/Erth      ########     1%          4    None
f - Shadow Creatures      Summ           N/A          1%          5    None
g - Ozocubu's Armour      Chrm/Ice       #######.     1%          3    None
h - Iron Shot             Conj/Erth      ########..   1%          6    None
i - Repel Missiles        Chrm/Air       ######       1%          2    None
j - Darkness              Hex            ########..   1%          7    None
k - Blink                 Tloc           N/A          1%          2    None
l - Shatter               Erth           ########..   9%          9    #####..
m - Iskenderun's Battles  Conj/Chrm      ########     1%          5    None
n - Dazzling Spray        Conj/Hex       ########     1%          3    None


Dungeon Overview and Level Annotations

Branches:
Dungeon (15/15)            Temple (1/1) D:4            Lair (8/8) D:9
 Shoals (5/5) Lair:5        Snake (5/5) Lair:3        Slime (0/6) Lair:6
    Orc (4/4) D:9             Elf (3/3) Orc:4        Vaults (5/5) D:13
  Crypt (3/3) Vaults:3       Tomb (0/3) Crypt:3      Depths (5/5) D:15
    Zot (0/5) Depths:5

Altars:
Ashenzari
Cheibriados
Dithmenos
Elyvilon
Fedhas
Gozag
Kikubaaqudgha
Makhleb
Nemelex Xobeh
Okawaru
Qazlal
Ru
Sif Muna
Trog
Vehumet
Xom
Yredelemnul
Zin
The Shining One

Shops:
D:6 =   D:7 %**=   D:11 *   D:12 *[**   Orc:4 [*(=!:!   Elf:3 :   Snake:2 ?
Vaults:2 [   Depths:3 %

Portals:
Hell: Depths:1 Depths:2 Depths:3 Depths:4 Depths:5
Abyss: Depths:1 Depths:4
Pandemonium: Depths:3

Annotations:
D:11 exclusion: 4 doors
Lair:4 exclusions: polar bear and 2 yaks
Snake:5 Donald, Saint Roka, Vashnia
Depths:4 6 runed doors


Innate Abilities, Weirdness & Mutations

You can bottle blood from corpses.
You have razor-sharp teeth.
You have supernaturally acute eyesight.
You can survive without breathing.
Your flesh is cold resistant.
You are resistant to hostile enchantments.


Message History

Dithmenos accepts your kill.
The blast of bone shards hits the elf skeleton.
The blast of bone shards hits the tengu zombie.
The golden dragon zombie bites you!
* * * LOW HITPOINT WARNING * * *
The golden dragon zombie claws you but does no damage.
The golden dragon zombie tramples you but does no damage.
You hit the golden dragon zombie but do no damage.
Your shadow hits the golden dragon zombie but does no damage.
The golden dragon zombie bites you!
* * * LOW HITPOINT WARNING * * *
The golden dragon zombie closely misses you.
The golden dragon zombie tramples you.
* * * LOW HITPOINT WARNING * * *
The golden dragon zombie bites you.
* * * LOW HITPOINT WARNING * * *
The golden dragon zombie closely misses you.
The golden dragon zombie completely misses you.
The titan skeleton hits you!!
You die...

▓▓▓▓▓▓▓▓▓▓▓
▓.........▓
▓.....Z...▓
▓▓▓▓▓▓.....ZZ@.▓▓▓▓▓▓
▓..........Z........▓
▓...................▓
▓:"=................▓
▓∩[[.....#.#........▓
▓>=[......#).......∩▓
▓∩)?.....#.#........▓
▓%=.................▓
▓...................▓


You could see a golden dragon zombie, a tengu zombie, an elf skeleton and a
titan skeleton.

Vanquished Creatures
  Mara (Depths:4)
  Margery (Depths:2)
  The ghost of Finerminer the Formicid Blade, a great FoFi of Cheibriados (Vaults:4)
  2 caustic shrikes
  Mennas (Crypt:1)
  A golden dragon (Depths:4)
  Xtahua (Crypt:1)
  A bone dragon (Crypt:3)
  2 tentacled monstrosities
  3 deep elf blademasters
  2 tentacled starspawn (Abyss:4)
  2 deep elf master archers (Elf:3)
  2 quicksilver dragons
  2 titans (Vaults:5)
  5 liches
  A kraken (Shoals:5)
  3 ancient champions
  Rupert (Lair:8)
  7 sphinxes
  7 shadow dragons
  2 draconian monks
  Roxanne (D:14)
  2 storm dragons (Vaults:4)
  4 tengu reavers
  3 revenants
  4 greater nagas
  4 azure jellies
  Wiglaf (Depths:1)
  5 iron dragons
  8 fire giants
  A draconian scorcher (Zig:8)
  6 vault wardens
  2 draconian knights (Zig:8)
  Aizul (Snake:3)
  Louise (Snake:4)
  16 frost giants
  3 curse skulls
  4 emperor scorpions
  9 deep elf sorcerers
  2 draconian zealots (Zig:8)
  Gastronok (D:8)
  8 ghouls
  3 orc warlords
  2 reapers
  A draconian annihilator (Zig:8)
  A balrug (Zig:10)
  18 ironheart preservers
  2 spriggan defenders
  15 very ugly things
  A grey draconian (Zig:8)
  A salamander firebrand (Depths:4)
  A draconian caller (Zig:8)
  13 deep elf demonologists
  A war gargoyle (Vaults:4)
  26 stone giants
  2 dire elephants
  A black draconian (Depths:5)
  3 vampire knights
  6 deep elf annihilators
  A mottled draconian (Depths:5)
  A purple draconian (Depths:5)
  A pale draconian (Zig:8)
  A red draconian (Depths:5)
  2 blizzard demons
  6 minotaurs
  18 ettins
  An unborn (Crypt:3)
  A merfolk javelineer (Shoals:5)
  Snorg (Snake:4)
  4 merfolk impalers
  A crystal guardian (Vaults:4)
  2 mummy priests (Zig:3)
  12 fire dragons
  13 deep elf death magi
  33 vault guards
  6 jiangshi (Crypt:3)
  3 eidola (Crypt:2)
  3 deep elf high priests
  The ghost of tition the Blocker, a powerful MiFi of Okawaru (Orc:4)
  7 rakshasas
  2 death cobs (Crypt:3)
  23 yaktaur captains
  7 great orbs of eyes
  Harold (D:14)
  9 ice dragons
  12 naga warriors
  A merfolk avatar (Shoals:5)
  9 centaur warriors
  2 hell beasts (Depths:2)
  6 anacondas
  6 hydras
  4 spriggan air magi
  15 dancing weapons
  2 catoblepae
  2 death knights (Crypt:3)
  18 death yaks
  A merfolk aquamancer (Shoals:5)
  15 ogre magi
  3 thrashing horrors
  5 tengu warriors
  4 vampire magi
  5 naga sharpshooters
  12 deep troll earth magi
  6 spriggan berserkers
  6 orc high priests
  10 deep troll shamans
  A spectral storm dragon (Crypt:3)
  6 shock serpents
  Nergalle (Lair:6)
  2 soul eaters
  4 wretched stars
  23 deep elf knights
  A fire crab (Vaults:2)
  5 sea snakes
  3 iron trolls
  A death drake (shapeshifter) (Depths:3)
  25 skeletal warriors
  An ice devil (Depths:4)
  2 fire crabs (shapeshifter)
  A titan skeleton (Vaults:3)
  3 spatial maelstroms
  5 hell knights
  A lindwurm (Depths:2)
  3 giant orange brains
  2 spriggan druids (Depths:2)
  A storm dragon skeleton (Zig:10)
  2 lindwurms (shapeshifter)
  2 salamander mystics
  A swamp dragon (shapeshifter) (Depths:4)
  12 deep elf summoners
  4 flayed ghosts
  7 shadow wraiths
  6 starcursed masses
  14 ironbrand convokers
  3 unseen horrors
  2 ice statues
  29 deep trolls
  A hill giant (shapeshifter) (Vaults:5)
  4 wizards
  11 hill giants
  7 naga ritualists
  8 necromancers
  2 orb spiders (Zig:6)
  41 ugly things
  2 shining eyes
  22 deep elf conjurers
  A shadow dragon zombie (Depths:1)
  18 orc knights
  3 cyclopes
  14 harpies
  6 small abominations
  9 fauns
  An orb spider (shapeshifter) (Depths:3)
  5 griffons
  A manticore (shapeshifter) (Depths:1)
  5 orc sorcerers
  5 hornets
  A manticore (D:13)
  8 phantasmal warriors
  6 mana vipers
  A worldbinder (Abyss:3)
  A water nymph (shapeshifter) (Depths:3)
  20 salamanders
  A tengu skeleton (Vaults:3)
  5 wolf spiders
  23 black mambas
  10 elephants
  A sixfirhy (Zig:8)
  2 water nymphs
  6 sirens
  Maurice (D:10)
  15 vault sentinels
  2 guardian serpents
  Joseph (D:7)
  6 gargoyles
  A rust devil (Zig:8)
  A fire giant skeleton (Zig:10)
  2 smoke demons
  A stone giant skeleton (Vaults:3)
  A frost giant skeleton (Zig:3)
  A torpor snail (shapeshifter) (Elf:2)
  A black mamba (shapeshifter) (Vaults:5)
  An orange demon (Abyss:3)
  A centaur skeleton (D:15)
  2 torpor snails
  20 naga magi
  A yellow draconian zombie (Crypt:2)
  17 spiny frogs
  5 kobold demonologists
  35 yaktaurs
  6 fire drakes
  A sea snake zombie (Crypt:1)
  An efreet (D:14)
  A queen bee (D:15)
  A purple draconian skeleton (Crypt:2)
  An elf (shapeshifter) (Depths:3)
  A yaktaur skeleton (Vaults:3)
  A jumping spider (Zig:6)
  11 komodo dragons
  2 hellwings
  A queen bee (shapeshifter) (Vaults:2)
  A hellion (Zig:10)
  An ancient zyme (Zig:5)
  10 merfolk
  6 trolls
  5 tengu conjurers
  2 red devils
  17 deep elf priests
  18 two-headed ogres
  A silent spectre (Crypt:3)
  14 polar bears
  2 blue devils
  A polar bear (shapeshifter) (Depths:5)
  10 freezing wraiths
  14 ravens
  A hydra skeleton (Crypt:1)
  Prince Ribbit (Orc:1)
  A wind drake (shapeshifter) (Vaults:3)
  A jumping spider (shapeshifter) (Vaults:5)
  31 slime creatures
  4 boulder beetles
  A blink frog (shapeshifter) (Vaults:1)
  A hornet zombie (Crypt:1)
  A bog body (Crypt:2)
  A sphinx simulacrum (Vaults:2)
  An alligator zombie (Crypt:2)
  4 snapping turtles
  An ushabti (Zig:3)
  An ettin zombie (Vaults:3)
  A tarantella (shapeshifter) (Vaults:5)
  8 air elementals
  3 basilisks
  A trapdoor spider zombie (D:9)
  A fire dragon skeleton (Crypt:2)
  11 wraiths
  An ettin skeleton (Vaults:3)
  2 fire giant simulacra
  5 vampires
  8 water elementals
  35 deep elf magi
  4 spriggans
  33 flying skulls
  2 shadows
  8 blink frogs
  A spriggan skeleton (Depths:1)
  2 dire elephant simulacra
  3 fire bats (Depths:1)
  A frost giant simulacrum (Vaults:3)
  2 wyverns
  11 redbacks
  A basilisk (shapeshifter) (Depths:3)
  A trapdoor spider (D:15)
  A ynoxinul (Elf:3)
  A yak (shapeshifter) (Depths:5)
  Eustachio (D:8)
  2 tarantellas (Zig:6)
  A golden eye (shapeshifter) (Vaults:5)
  3 neqoxecs
  2 hungry ghosts
  A human simulacrum (Vaults:3)
  63 yaks
  Grum (D:10)
  2 chaos spawn
  37 nagas
  A spriggan simulacrum (Depths:1)
  4 steam dragons
  3 wargs
  18 hippogriffs
  8 vampire mosquitoes
  39 deep elf fighters
  37 wolves
  3 spatial vortices
  6 mottled dragons
  A yaktaur simulacrum (Vaults:1)
  Menkaure (D:7)
  6 porcupines
  8 large abominations
  3 hell hounds (Depths:2)
  An orb spider zombie (Crypt:2)
  48 orc warriors
  24 water moccasins
  A dwarf (shapeshifter) (Depths:1)
  A monstrous demonspawn skeleton (Crypt:2)
  3 wasps
  A black bear (shapeshifter) (Depths:3)
  An alligator simulacrum (Crypt:1)
  54 ogres
  3 phantoms
  5 sky beasts
  5 boggarts (Vaults:1)
  7 ice beasts
  7 necrophages
  24 centaurs
  An ettin simulacrum (Crypt:3)
  5 eyes of draining
  2 swamp drakes (Lair:8)
  An eye of draining (shapeshifter) (Vaults:1)
  Sigmund (D:5)
  19 crocodiles
  A human zombie (Vaults:3)
  A boring beetle (Lair:5)
  3 giant frogs (shapeshifter)
  3 big kobolds
  2 lost souls (Crypt:1)
  A glowing shapeshifter simulacrum (Zig:9)
  18 giant frogs
  A wyvern skeleton (D:13)
  9 human skeletons (Vaults:3)
  6 scorpions
  A troll zombie (Crypt:1)
  A warg skeleton (Crypt:2)
  An elf simulacrum (Vaults:3)
  4 electric eels
  23 killer bees
  2 elf skeletons (Vaults:3)
  A polar bear skeleton (Crypt:1)
  3 goliath beetles
  17 wights
  9 crimson imps
  A two-headed ogre zombie (Vaults:3)
  2 quasits
  4 centaur zombies
  A basilisk zombie (Crypt:2)
  39 orc priests
  15 hounds
  3 giant frog zombies
  10 jellies
  12 worker ants
  5 hell rats (Elf:1)
  15 iguanas
  A lightning spire (Zig:8)
  39 orc wizards
  30 sheep
  2 killer bee zombies
  2 ogre zombies (Vaults:3)
  Terence (D:3)
  A mummy (D:14)
  8 gnolls
  17 river rats
  4 worker ant zombies
  18 adders
  4 shadow imps
  3 giant mites
  12 white imps (Lair:7)
  2 worms (D:2)
  3 ufetubi
  6 giant geckos
  An ooze (D:5)
  211 orcs
  A bat skeleton (D:5)
  8 giant cockroaches
  26 goblins
  20 hobgoblins
  A river rat zombie (Crypt:1)
  A ball python skeleton (D:4)
  18 bats
  A giant gecko skeleton (Crypt:1)
  2 giant gecko zombies
  4 giant newts
  3 giant spores
  6 jackals
  A jackal zombie (D:5)
  32 kobolds
  8 quokkas
  A quokka skeleton (D:9)
  17 rats
  A ballistomycete (D:10)
  3 crawling corpses
  2 fungi
  2 starspawn tentacles (Abyss:4)
  A tentacle (Shoals:5)
2603 creatures vanquished.

Vanquished Creatures (collateral kills)
  Mara (Depths:4)
  2 frost giants
  A dire elephant (Depths:1)
  A hydra (Lair:8)
  A naga warrior (Snake:3)
  2 anacondas (Snake:3)
  8 death yaks
  A naga sharpshooter (Snake:5)
  An iron troll (Depths:3)
  A salamander mystic (Snake:5)
  3 deep trolls (Depths:3)
  A naga ritualist (Snake:5)
  A slime creature (Vaults:1)
  3 salamanders
  A naga mage (Snake:5)
  An elephant (Lair:8)
  A komodo dragon (shapeshifter) (Depths:4)
  2 black mambas (Snake:3)
  A komodo dragon (Lair:8)
  A two-headed ogre (Vaults:1)
  3 ravens (Depths:3)
  4 polar bears
  3 spriggans (Depths:4)
  8 yaks
  A wolf (Lair:8)
  A vampire mosquito (Vaults:3)
  A spatial vortex (Abyss:4)
  A water moccasin (Lair:8)
  5 nagas
  An orc warrior (Snake:5)
  3 wasps (Depths:4)
  An ice beast (Lair:8)
  An ogre (Vaults:1)
  A crocodile (Lair:8)
  A white imp (IceCv)
69 creatures vanquished.

Vanquished Creatures (others)
  An Executioner (Abyss:4)
  A tengu reaver (Vaults:5)
  A shadow dragon (Depths:4)
  A fire giant (Depths:3)
  An emperor scorpion (Depths:4)
  A stone giant (Depths:4)
  A caustic shrike skeleton (Zig:10)
  An ettin (Depths:3)
  A great orb of eyes (Depths:3)
  A hydra (Lair:8)
  A centaur warrior (Depths:4)
  A naga sharpshooter (Snake:5)
  A deep elf summoner (Elf:2)
  A griffon (Lair:8)
  A wolf spider (Vaults:5)
  A fire giant zombie (Depths:3)
  3 ugly things (Depths:3)
  A water nymph (Shoals:2)
  5 black mambas
  A komodo dragon (Lair:8)
  2 naga magi
  A yaktaur (Depths:4)
  A wandering mushroom (Abyss:3)
  A polar bear (IceCv)
  A jumping spider (Zig:6)
  6 yaks
  A hippogriff (Lair:8)
  A deep elf mage (Elf:2)
  A golden eye (Abyss:4)
  A swamp worm (shapeshifter) (Vaults:3)
  A wolf (IceCv)
  4 nagas
  8 water moccasins
  3 centaurs
  6 lost souls
  A crocodile (shapeshifter) (Vaults:5)
  4 fulminant prisms
  2 sheep (Lair:2)
  6 adders (Lair:8)
  2 river rats (Lair:6)
  4 orcs
  A giant spore (D:12)
  2 goblins (Orc:3)
  9 fungi
  18 plants
  8 starspawn tentacles
  65 starspawn tentacle segments
  11 tentacles (Shoals:5)
  34 tentacle segments (Shoals:5)
231 creatures vanquished.

Grand Total: 2903 creatures vanquished

Notes
Turn   | Place    | Note
--------------------------------------------------------------
     0 | D:1      | yesno, the Vampire Earth Elementalist, began the quest for the Orb.
     0 | D:1      | Reached XP level 1. HP: 13/13 MP: 3/3
   206 | D:1      | Reached XP level 2. HP: 14/19 MP: 4/4
   842 | D:2      | Reached XP level 3. HP: 24/24 MP: 4/6
   892 | D:2      | Noticed an ogre
   901 | D:2      | Found a glowing silver altar of Zin.
   910 | D:2      | Found a burning altar of Makhleb.
   912 | D:2      | Found a snail-covered altar of Cheibriados.
   941 | D:2      | Learned a level 3 spell: Passwall
  1428 | D:2      | Reached skill level 4 in Stealth
  1479 | D:2      | Reached XP level 4. HP: 30/30 MP: 5/8
  1484 | D:2      | Learned a level 3 spell: Stone Arrow
  2000 | D:3      | Noticed Terence
  2011 | D:3      | Killed Terence
  2102 | D:3      | Reached XP level 5. HP: 35/35 MP: 9/11
  2323 | D:3      | Found a shimmering altar of Xom.
  2438 | D:4      | Found a staircase to the Ecumenical Temple.
  2470 | Temple   | Entered the Ecumenical Temple
  2534 | Temple   | Became a worshipper of Dithmenos the Shadowed
  2853 | D:4      | Reached skill level 5 in Stealth
  2906 | D:4      | Reached XP level 6. HP: 37/41 MP: 7/13
  3198 | D:5      | Entered Level 5 of the Dungeon
  3300 | D:4      | Learned a level 4 spell: Petrify
  3556 | D:5      | Reached skill level 5 in Earth Magic
  3670 | D:5      | Reached XP level 7. HP: 40/46 MP: 14/17
  4008 | D:5      | Reached skill level 6 in Stealth
  4026 | D:5      | Noticed Sigmund
  4032 | D:5      | Killed Sigmund
  4398 | D:6      | Found an iron altar of Okawaru.
  4475 | D:6      | Found Atean's Jewellery Shop.
  4660 | D:6      | Found a white marble altar of Elyvilon.
  4924 | D:7      | Found Brorchee's Jewellery Shop.
  4996 | D:7      | Reached skill level 5 in Spellcasting
  4996 | D:7      | Reached XP level 8. HP: 47/52 MP: 15/20
  5003 | D:7      | Learned a level 5 spell: Lee's Rapid Deconstruction
  5020 | D:7      | Acquired Dithmenos' first power
  5052 | D:7      | Reached skill level 5 in Dodging
  5083 | D:7      | Noticed Menkaure
  5326 | D:7      | Reached skill level 7 in Stealth
  5424 | D:7      | Found a sacrificial altar of Ru.
  5503 | D:7      | Found Phangea's Food Emporium.
  5548 | D:7      | Noticed Joseph
  5582 | D:7      | Killed Menkaure
  5616 | D:7      | Noticed a spriggan baker
  5618 | D:7      | Killed a spriggan baker
  5647 | D:7      | Reached skill level 8 in Stealth
  5701 | D:7      | Found Ghia's Assorted Antiques.
  5969 | D:8      | Reached XP level 9. HP: 57/57 MP: 19/23
  5972 | D:8      | Noticed Eustachio
  6006 | D:8      | Killed Eustachio
  6070 | D:8      | Noticed Gastronok
  6373 | D:8      | Noticed a two-headed ogre
  6441 | D:8      | Killed a two-headed ogre
  6517 | D:8      | Reached skill level 9 in Stealth
  6725 | D:8      | Killed Gastronok
  6756 | D:8      | Learned a level 5 spell: Shadow Creatures
  6757 | D:9      | Found a basalt altar of Yredelemnul.
  6759 | D:9      | Reached XP level 10. HP: 46/63 MP: 22/25
  6822 | D:9      | Reached skill level 1 in Summonings
  6846 | D:9      | Found a staircase to the Lair.
  6919 | D:8      | Acquired Dithmenos' second power
  6919 | D:8      | Reached skill level 10 in Stealth
  7142 | D:9      | Found a flagged portal.
  7164 | Bailey   | Entered a bailey
  7191 | Bailey   | Noticed an orc knight
  7450 | D:9      | Killed an orc knight
  7926 | D:9      | Found a radiant altar of Vehumet.
  8104 | D:9      | Found a staircase to the Orcish Mines.
  8153 | D:9      | Acquired Dithmenos' third power
  8655 | D:10     | Entered Level 10 of the Dungeon
  8707 | D:10     | Reached skill level 11 in Stealth
  8742 | D:10     | Noticed Grum
  8847 | D:10     | Reached skill level 1 in Maces & Flails
  8956 | D:10     | Noticed a hill giant
  9003 | D:10     | Killed a hill giant
  9003 | D:10     | Reached skill level 10 in Earth Magic
  9003 | D:10     | Reached XP level 11. HP: 52/68 MP: 18/28
  9923 | D:11     | Found Gimm's General Store.
  9927 | D:11     | Bought 3 scrolls of identify for 90 gold pieces
  9927 | D:11     | Bought a scroll of teleportation for 45 gold pieces
 10270 | D:11     | Found a blossoming altar of Fedhas.
 10414 | D:12     | Found Ynaru's Elemental Accessories.
 11039 | D:12     | Found Dur Lea's Assorted Antiques.
 11060 | D:12     | Found Nochoruum's Armour Shop.
 11080 | D:12     | Reached skill level 5 in Summonings
 11081 | D:12     | Acquired Dithmenos' fourth power
 11097 | D:12     | Found Dyeta's General Store.
 11307 | D:12     | Found Boeg's Weapon Emporium.
 11498 | D:13     | Found a labyrinth entrance.
 11522 | Lab      | Entered a labyrinth
 11659 | Lab      | Reached skill level 1 in Conjurations
 11919 | Lab      | Noticed a minotaur
 11926 | Lab      | Killed a minotaur
 11938 | Lab      | Got an ancient great sword
 11939 | Lab      | Identified the +9 great sword of Bloodstone {freeze, +Blink} (You took it off a minotaur in a labyrinth)
 11958 | Lab      | Got a transparent buckler
 11964 | Lab      | Identified the cursed -5 buckler of Caseaffa {rElec rC- MR- Int+9 Slay+3} (You found it in a labyrinth)
 11964 | Lab      | Identified a scroll of acquirement
 11972 | Lab      | Got a warped robe
 11978 | Lab      | Identified the +1 robe "Tahig" {MP+9 Str-3 Slay+2 SInv Stlth+} (You found it in a labyrinth)
 12291 | Lair:1   | Entered Level 1 of the Lair of Beasts
 12409 | Lair:1   | Gained mutation: You are resistant to hostile enchantments. [potion of beneficial mutation]
 12503 | Lair:1   | Reached skill level 10 in Spellcasting
 12503 | Lair:1   | Reached XP level 12. HP: 74/74 MP: 30/30
 12892 | Lair:2   | Reached skill level 1 in Long Blades
 14029 | Lair:3   | Found a staircase to the Snake Pit.
 14115 | Lair:3   | Identified the Disquisition on the Glacier
 14120 | Lair:3   | Learned a level 3 spell: Ozocubu's Armour
 14478 | D:12     | Bought the Reference Book on Stones for 682 gold pieces
 14485 | D:12     | Learned a level 6 spell: Iron Shot
 15265 | Lair:4   | Reached skill level 1 in Charms
 16297 | Lair:5   | Reached skill level 1 in Short Blades
 16724 | Lair:5   | Found a staircase to the Shoals.
 16934 | Lair:6   | Noticed Nergalle
 17049 | Lair:6   | Reached XP level 13. HP: 55/79 MP: 22/31
 17771 | Lair:6   | Found a staircase to the Slime Pits.
 17773 | Lair:6   | Noticed a six-headed hydra
 17808 | Lair:6   | Killed a six-headed hydra
 17875 | Lair:7   | Found a frozen archway.
 18028 | Lair:7   | Reached skill level 12 in Earth Magic
 18050 | IceCv    | Entered an ice cave
 18714 | IceCv    | Reached skill level 5 in Charms
 19134 | IceCv    | Noticed a frost giant
 19552 | IceCv    | Killed a frost giant
 19553 | IceCv    | Reached skill level 5 in Conjurations
 19680 | Lair:7   | Learned a level 4 spell: Leda's Liquefaction
 20249 | Lair:8   | Entered Level 8 of the Lair of Beasts
 20255 | Lair:8   | Noticed Rupert
 20267 | Lair:8   | Killed Rupert
 20267 | Lair:8   | Reached skill level 10 in Dodging
 20690 | Lair:7   | Reached XP level 14. HP: 85/85 MP: 33/33
 21646 | Lair:8   | Got a transparent mace
 21647 | Lair:8   | Identified the +9 mace "Wolye" {pain, Dex+6} (You found it on level 8 of the Lair of Beasts)
 22403 | Lair:8   | Reached skill level 13 in Earth Magic
 23880 | Lair:6   | Killed Nergalle
 23882 | Lair:6   | Reached skill level 1 in Hexes
 24060 | Orc:1    | Entered Level 1 of the Orcish Mines
 24086 | Orc:1    | Found a bloodstained altar of Trog.
 24086 | Orc:1    | Noticed Prince Ribbit
 24095 | Orc:1    | Killed Prince Ribbit
 24095 | Orc:1    | Reached skill level 5 in Short Blades
 24339 | Orc:3    | Noticed an orc warlord
 25776 | Orc:3    | Killed an orc warlord
 26232 | Orc:4    | Entered Level 4 of the Orcish Mines
 26233 | Orc:4    | Found Makaocoy's General Store.
 26267 | Orc:4    | Bought a potion of haste for 150 gold pieces
 26267 | Orc:4    | Bought a potion of heal wounds for 75 gold pieces
 26292 | Orc:4    | Found a staircase to the Elven Halls.
 26419 | Orc:4    | Found Muamn's Antique Armour Shop.
 26461 | Orc:4    | Noticed tition's ghost (powerful MiFi)
 26476 | Orc:4    | Killed tition's ghost
 26568 | Orc:4    | Noticed an orc warlord
 26735 | Orc:4    | Killed an orc warlord
 26949 | Orc:4    | Found Ilauv Pir's Distillery.
 26958 | Orc:4    | Bought 2 potions of haste for 260 gold pieces
 26958 | Orc:4    | Bought a potion of heal wounds for 65 gold pieces
 27240 | Orc:4    | Reached XP level 15. HP: 79/90 MP: 0/34
 28724 | Orc:4    | Found Garhib's Weapon Shop.
 28724 | Orc:4    | Found Idarr's Book Shop.
 28724 | Orc:4    | Found Founoiwk's Jewellery Shop.
 28725 | Orc:4    | Found Twual's Distillery.
 28742 | Orc:4    | Bought the brooch of Shielding {Ward rN+ AC+4 EV+4} for 778 gold pieces
 29129 | D:10     | Noticed Maurice
 29129 | D:10     | Killed Grum
 29133 | D:10     | Killed Maurice
 29346 | D:7      | Found Poohet's General Store.
 29351 | D:7      | Bought a scroll of teleportation for 57 gold pieces
 29362 | D:7      | Bought a potion of degeneration for 12 gold pieces
 29362 | D:7      | Bought a potion of might for 48 gold pieces
 29400 | D:7      | Killed Joseph
 29700 | D:13     | Got a pair of polished gloves
 29706 | D:13     | Identified the cursed -2 pair of gloves of Exclusion {Int+3} (You found it on level 13 of the Dungeon)
 29749 | D:12     | Bought a pair of embroidered gloves for 121 gold pieces
 29847 | D:13     | Found a gate to the Vaults.
 29847 | D:13     | Noticed a vault guard
 29847 | D:13     | Noticed a vault guard
 29847 | D:13     | Noticed a vault guard
 29847 | D:13     | Noticed a vault guard
 29847 | D:13     | Noticed a hill giant
 30015 | D:13     | Noticed a centaur warrior
 30017 | D:13     | Killed a centaur warrior
 30235 | D:13     | Noticed a five-headed hydra
 30259 | D:13     | Killed a five-headed hydra
 30750 | D:14     | Noticed Harold
 30750 | D:14     | Noticed Roxanne
 30755 | D:14     | Killed Roxanne
 30760 | D:14     | Killed Harold
 31741 | D:15     | Entered Level 15 of the Dungeon
 31751 | D:15     | Found a staircase to the Depths.
 31767 | D:15     | Reached skill level 5 in Hexes
 32762 | D:15     | Reached skill level 14 in Earth Magic
 33307 | Snake:1  | Entered Level 1 of the Snake Pit
 34083 | Snake:1  | Learned a level 4 spell: Fulminant Prism
 34776 | Snake:2  | Learned a level 2 spell: Repel Missiles
 34779 | Snake:2  | Learned a level 2 spell: Blink
 34833 | Snake:2  | Got a faintly glowing ring mail
 34844 | Snake:2  | Identified the +7 ring mail of the Lobster {Int+2} (You found it on level 2 of the Snake Pit)
 34888 | Snake:2  | Found Fimoj's Magic Scroll Shoppe.
 34892 | Snake:2  | Bought a scroll of enchant armour for 97 gold pieces
 35108 | Snake:2  | Reached XP level 16. HP: 65/96 MP: 5/36
 35523 | Snake:2  | Got a twisted dagger
 35524 | Snake:2  | Identified the +7 dagger "Osmuink" {drain, Str+6 Int+7 Dex-5} (You found it on level 2 of the Snake Pit)
 35849 | Snake:3  | Reached skill level 1 in Armour
 36050 | Snake:3  | Noticed Aizul
 36052 | Snake:3  | Killed Aizul
 37830 | Snake:4  | Noticed Snorg
 38262 | Snake:4  | Killed Snorg
 38548 | Snake:4  | Noticed Louise
 38552 | Snake:4  | Killed Louise
 39263 | Snake:5  | Entered Level 5 of the Snake Pit
 39356 | Snake:5  | Noticed Saint Roka
 40022 | Depths:1 | Entered Level 1 of the Depths
 40339 | Depths:1 | Found a one-way gate to the infinite horrors of the Abyss.
 40461 | Depths:1 | Found a deep blue altar of Sif Muna.
 40805 | Depths:2 | Found a gateway to Hell.
 40866 | Depths:2 | Reached skill level 15 in Earth Magic
 40876 | Depths:2 | Reached XP level 17. HP: 101/101 MP: 37/37
 42410 | Depths:2 | Noticed a caustic shrike
 42458 | Depths:1 | Noticed Wiglaf
 42464 | Depths:1 | Killed Wiglaf
 42929 | Shoals:1 | Entered Level 1 of the Shoals
 43619 | Shoals:5 | Entered Level 5 of the Shoals
 43656 | Shoals:5 | Reached skill level 10 in Hexes
 43886 | Shoals:5 | Got a barnacled rune of Zot
 44884 | Snake:5  | Noticed Vashnia
 44884 | Snake:5  | Noticed Donald
 45314 | Snake:5  | Reached skill level 10 in Conjurations
 45589 | Snake:5  | Reached XP level 18. HP: 107/107 MP: 19/38
 46014 | Snake:5  | Got a serpentine rune of Zot
 46103 | Snake:3  | Reached skill level 16 in Earth Magic
 46693 | Elf:1    | Entered Level 1 of the Elven Halls
 47329 | Elf:1    | Identified the Incunabulum of Combat Magic
 47899 | Elf:2    | Learned a level 4 spell: Enslavement
 48407 | Elf:2    | Reached skill level 10 in Short Blades
 48424 | Elf:2    | Reached skill level 15 in Spellcasting
 48495 | Elf:2    | Found a runed gate.
 48496 | Elf:2    | Found a runed gate.
 48499 | Elf:2    | Found a runed gate.
 50161 | Elf:3    | Entered Level 3 of the Elven Halls
 50439 | Elf:3    | Got a brightly glowing spear
 50440 | Elf:3    | Identified the +9 spear of Absolution {flame, rN+ Int+4 Stlth-} (You found it on level 3 of the Elven Halls)
 50723 | Elf:3    | Found Peas' Book Shoppe.
 50729 | Elf:3    | Bought the Almanac of the Dusty Escort for 812 gold pieces
 50735 | Elf:3    | Learned a level 5 spell: Summon Mana Viper
 51421 | Elf:3    | Reached skill level 10 in Summonings
 51421 | Elf:3    | Reached XP level 19. HP: 105/112 MP: 23/39
 52112 | Elf:3    | Identified a +0 pair of boots of running (You found it on level 3 of the Elven Halls)
 52119 | Elf:3    | Got a steaming hunting sling
 52120 | Elf:3    | Identified the cursed +0 hunting sling of Patterns {freeze, Str+5} (You found it on level 3 of the Elven Halls)
 52235 | Elf:3    | Identified Hyw Ysi's Guide on Noxious Confrontation
 52273 | Elf:3    | Got a smoking shortbow
 52274 | Elf:3    | Identified the +8 shortbow "Hillal" {freeze, +Fly} (You found it on level 3 of the Elven Halls)
 52937 | Orc:4    | Learned a level 7 spell: Darkness
 53504 | Depths:1 | Reached skill level 17 in Earth Magic
 54415 | Depths:1 | Got a translucent demon blade
 54417 | Depths:1 | Identified the +10 demon blade "Qonuvud" {venom, Int+6 Stlth-} (You found it on level 1 of the Depths)
 54928 | Depths:2 | Killed a caustic shrike
 55112 | Depths:3 | Noticed Margery
 55303 | Depths:2 | Killed Margery
 56019 | Depths:3 | Found Stiel's Food Shoppe.
 56285 | Depths:3 | Reached XP level 20. HP: 118/118 MP: 8/40
 56769 | Depths:3 | Reached skill level 5 in Armour
 57071 | Depths:3 | Found a one-way gate leading to the halls of Pandemonium.
 57283 | Depths:3 | Identified the Guide on Venomous Conjuration (You found it on level 3 of the Depths)
 58169 | Depths:4 | Found a gateway to a ziggurat.
 58420 | Depths:4 | Found a portal to a secret trove of treasure.
 58523 | Depths:4 | You paid a toll of 2 potions of cure mutation to enter a treasure trove
 58524 | Trove    | Entered a treasure trove
 58572 | Trove    | Got a fine bronze ring
 58574 | Trove    | Identified the ring "Psea" {Wiz Int+2} (You found it in a treasure trove)
 58764 | Depths:4 | Noticed Mara
 58766 | Depths:4 | Noticed yesno's illusion
 59100 | Depths:4 | Killed Mara
 59291 | Depths:4 | Killed Mara
 59316 | Depths:4 | Reached skill level 18 in Earth Magic
 59327 | Depths:4 | Reached skill level 1 in Shields
 60577 | Depths:4 | Found a runed gate.
 60577 | Depths:4 | Found a runed gate.
 60578 | Depths:4 | Found a runed gate.
 60703 | Depths:4 | Noticed a caustic shrike
 60776 | Depths:4 | Killed a caustic shrike
 61464 | Depths:4 | Reached XP level 21. HP: 106/123 MP: 41/41
 61484 | Depths:4 | Found a runed gate.
 61484 | Depths:4 | Found a runed gate.
 61488 | Depths:4 | Found a runed gate.
 61524 | Depths:4 | Got a slimy long sword
 61525 | Depths:4 | Identified the cursed -1 long sword of Niurex {antimagic, +Fly Int+8 Stlth-} (You found it on level 4 of the Depths)
 62365 | Depths:4 | Reached skill level 1 in Fighting
 62842 | Depths:5 | Entered Level 5 of the Depths
 63725 | Depths:5 | Reached skill level 15 in Stealth
 64944 | Depths:5 | Found a gate to the Realm of Zot.
 65261 | D:13     | Killed a vault guard
 65263 | D:13     | Killed a vault guard
 65263 | D:13     | Killed a vault guard
 65265 | D:13     | Killed a vault guard
 65269 | D:13     | Killed a hill giant
 65294 | Vaults:1 | Entered Level 1 of the Vaults
 65983 | Vaults:1 | Reached skill level 5 in Shields
 65987 | Vaults:1 | Reached skill level 19 in Earth Magic
 66175 | Vaults:1 | Reached XP level 22. HP: 135/141 MP: 30/42
 66189 | Vaults:1 | Learned a level 7 spell: Spellforged Servitor
 66623 | Vaults:1 | Got an ebony morningstar
 66624 | Vaults:1 | Identified the cursed +0 morningstar of the Blind Eye {elec, rPois} (You found it on level 1 of the Vaults)
 67967 | Vaults:2 | Found Macwadwewk's Antique Armour Shoppe.
 68213 | Vaults:2 | Bought a glowing buckler for 193 gold pieces
 68278 | Vaults:2 | Got a faintly glowing steel amulet
 68280 | Vaults:2 | Identified the amulet "Thasew" {Gourm MR+ Str+5 Int+2 Stlth+} (You found it on level 2 of the Vaults)
 69191 | Vaults:3 | Reached skill level 5 in Fighting
 69849 | Vaults:3 | Found a staircase to the Crypt.
 72662 | Vaults:4 | Reached XP level 23. HP: 133/152 MP: 32/43
 72689 | Vaults:4 | Reached skill level 20 in Earth Magic
 73064 | Vaults:4 | Noticed Finerminer's ghost (great FoFi)
 73192 | Vaults:4 | Killed Finerminer's ghost
 74609 | Vaults:5 | Entered Level 5 of the Vaults
 75681 | Vaults:4 | Learned a level 9 spell: Shatter
 76180 | Vaults:5 | Noticed an ancient lich
 77030 | Depths:1 | Voluntarily entered the Abyss.
 77107 | Abyss:1  | Found an ancient bone altar of Kikubaaqudgha.
 77156 | Abyss:2  | Found an iron altar of Okawaru.
 77174 | Abyss:3  | Found a corrupted altar of Lugonu.
 77199 | Abyss:3  | Found a sacrificial altar of Ru.
 77283 | Abyss:3  | Found a stormy altar of Qazlal.
 77334 | Abyss:3  | Found a corrupted altar of Lugonu.
 78418 | Abyss:3  | Found a corrupted altar of Lugonu.
 78749 | Abyss:4  | Reached XP level 24. HP: 148/148 MP: 3/44
 78874 | Abyss:4  | Found a corrupted altar of Lugonu.
 79039 | Depths:1 | Escaped the Abyss
 80364 | Vaults:5 | Learned a level 5 spell: Iskenderun's Battlesphere
 80368 | Vaults:5 | Learned a level 3 spell: Dazzling Spray
 80602 | Vaults:5 | Reached skill level 21 in Earth Magic
 81862 | Vaults:5 | Got a heavily runed crystal amulet
 81873 | Vaults:5 | Identified the amulet "Yhemakhe" {+Rage rC+} (You took it off an ironbrand convoker on level 5 of the Vaults)
 82097 | Vaults:5 | Got a silver rune of Zot
 82481 | Crypt:1  | Entered Level 1 of the Crypt
 82966 | Crypt:1  | Noticed Mennas
 82968 | Crypt:1  | Killed Mennas
 83004 | Crypt:1  | Noticed Xtahua
 83357 | Crypt:1  | Killed Xtahua
 83513 | Crypt:1  | Got a faintly glowing large shield
 83524 | Crypt:1  | Identified the cursed -4 large shield "Hicishul" {rN+ Int+7 Stlth-} (You took it off Mennas on level 1 of the Crypt)
 84109 | Crypt:2  | Got an ebony mace
 84110 | Crypt:2  | Identified the +11 mace of the Wasteland {drain, rPois rF+ Str+2} (You found it on level 2 of the Crypt)
 84729 | Crypt:3  | Entered Level 3 of the Crypt
 85138 | Crypt:3  | Found an ancient bone altar of Kikubaaqudgha.
 86353 | Crypt:3  | Noticed an ancient lich
 86353 | Crypt:3  | Found a staircase to the Tomb.
 86374 | Crypt:3  | HP: 8/169 [phantasmal warrior (19)]
 86858 | Depths:2 | Reached XP level 25. HP: 115/175 MP: 3/45
 87447 | Zig:1    | Entered Level 1 of a ziggurat
 87466 | Zig:2    | Entered Level 2 of a ziggurat
 87566 | Zig:3    | Entered Level 3 of a ziggurat
 87587 | Zig:3    | Got a heavily jewelled robe
 87598 | Zig:3    | Identified the +3 robe "Egak" {+Blink rPois rF+ rC- rCorr} (You found it on level 3 of a ziggurat)
 87610 | Zig:3    | Identified the Compendium of the Creative Oath (You found it on level 3 of a ziggurat)
 87618 | Zig:4    | Entered Level 4 of a ziggurat
 87785 | Zig:5    | Entered Level 5 of a ziggurat
 87812 | Zig:5    | Got a crystal whip
 87813 | Zig:5    | Identified the +5 whip "Newt's Peril" {antimagic, Dex+4} (You found it on level 5 of a ziggurat)
 87920 | Zig:6    | Entered Level 6 of a ziggurat
 88139 | Zig:7    | Entered Level 7 of a ziggurat
 88156 | Zig:7    | Reached skill level 22 in Earth Magic
 88174 | Zig:7    | Reached skill level 10 in Shields
 88367 | Zig:7    | Got a faintly glowing great sword
 88373 | Zig:7    | Identified the +9 great sword "Nesoraxt" {venom, Dex+2} (You found it on level 7 of a ziggurat)
 88420 | Zig:8    | Entered Level 8 of a ziggurat
 88566 | Zig:8    | Got a fine marble ring
 88568 | Zig:8    | Identified the ring "Mnizxut" {+Fly rN++} (You found it on level 8 of a ziggurat)
 88594 | Zig:8    | Gained mutation: Your flesh is cold resistant. [potion of beneficial mutation]
 88650 | Zig:9    | Entered Level 9 of a ziggurat
 88706 | Zig:9    | Got a coiled bronze amulet
 88708 | Zig:9    | Identified the amulet "Tiwky" {Gourm -Cast Str+11 Dex-4} (You found it on level 9 of a ziggurat)
 88722 | Zig:9    | Got a warped plate armour
 88733 | Zig:9    | Identified the +1 plate armour of Bagainy {+Fly MR+ Regen+ Slay-6} (You found it on level 9 of a ziggurat)
 88934 | Zig:10   | Entered Level 10 of a ziggurat
 89033 | Zig:10   | Mangled by a titan skeleton

Action                   |  1- 3 |  4- 6 |  7- 9 | 10-12 | 13-15 | 16-18 | 19-21 | 22-24 | 25-27 || total
-------------------------+-------+-------+-------+-------+-------+-------+-------+-------+-------++-------
Melee: Dagger            |    18 |     1 |       |    46 |   621 |   378 |   357 |  1298 |    98 ||  2817
       Short sword       |       |     4 |     2 |    10 |       |       |       |       |       ||    16
       Staff             |       |       |       |     3 |     1 |     2 |       |     1 |       ||     7
       Great sword       |       |       |       |    26 |       |       |       |       |       ||    26
       Unarmed           |       |       |       |       |     2 |     1 |       |     3 |     1 ||     7
       Demon blade       |       |       |       |       |       |       |    87 |       |    61 ||   148
 Fire: Hunting sling     |    19 |    53 |       |       |       |       |       |       |       ||    72
       Arbalest          |       |    18 |   133 |   141 |    15 |       |       |       |       ||   307
Throw: Stone             |     3 |       |       |     1 |       |       |       |       |       ||     4
 Cast: Sandblast         |    44 |    74 |    70 |    35 |    17 |     8 |       |       |       ||   248
       Stone Arrow       |       |     5 |    27 |   400 |   572 |   476 |   241 |   296 |    23 ||  2040
       Lee's Rapid Decon |       |       |     1 |    13 |    39 |    31 |    15 |    43 |    19 ||   161
       Passwall          |       |       |     3 |    14 |    68 |    73 |    12 |    38 |       ||   208
       Petrify           |       |       |     2 |     1 |    13 |     6 |     2 |       |     2 ||    26
       Shadow Creatures  |       |       |       |       |    46 |    31 |    23 |     4 |       ||   104
       Ozocubu's Armour  |       |       |       |       |     9 |    23 |    31 |    46 |    10 ||   119
       Iron Shot         |       |       |       |       |    53 |   105 |   363 |   366 |    34 ||   921
       Blink             |       |       |       |       |     6 |     9 |     5 |     8 |     5 ||    33
       Fulminant Prism   |       |       |       |       |       |     4 |       |       |       ||     4
       Repel Missiles    |       |       |       |       |       |     6 |     9 |     4 |       ||    19
       Enslavement       |       |       |       |       |       |       |     4 |       |       ||     4
       Darkness          |       |       |       |       |       |       |    11 |    28 |     4 ||    43
       Summon Mana Viper |       |       |       |       |       |       |     3 |       |       ||     3
       Spellforged Servi |       |       |       |       |       |       |       |     4 |       ||     4
       Shatter           |       |       |       |       |       |       |       |     4 |     6 ||    10
       Dazzling Spray    |       |       |       |       |       |       |       |       |     1 ||     1
Invok: Shadow Step       |       |       |       |     2 |    17 |    11 |     6 |    12 |     2 ||    50
 Abil: End Transformatio |       |       |     6 |    17 |    30 |    17 |     6 |       |       ||    76
       Bat Form          |       |       |     6 |    17 |    30 |    17 |     6 |       |       ||    76
Evoke: Wand              |       |       |       |     2 |     1 |     6 |    10 |    18 |     1 ||    38
  Use: Potion            |     1 |     3 |     5 |    13 |    41 |    42 |    47 |    63 |    12 ||   227
       Scroll            |       |     6 |     4 |    25 |    24 |    17 |    17 |    25 |     4 ||   122
 Stab: Sleeping          |     2 |     1 |     2 |    25 |   118 |   102 |    50 |   125 |     7 ||   432
       Distracted        |       |       |       |       |     3 |     1 |     1 |     3 |       ||     8
       Petrified         |       |       |       |       |     1 |       |       |       |       ||     1
  Eat: Corpse            |     1 |       |     1 |     1 |     2 |    13 |     4 |     2 |       ||    24
